 Dungeon Crawl Stone Soup version 0.28-a0-1002-gf00fe891ef (webtiles) character file.

Game seed: 3475730195796011394

7200 Strat the Cruncher (level 10, -5/82 HPs)
             Began as a Mummy Brigand on Dec 6, 2021.
             Was an Initiate of Gozag.
             Killed from afar by a raiju (20 damage)
             ... with a living lightning
             ... on level 2 of the Abyss.
             The game lasted 00:23:07 (11119 turns).

Strat the Cruncher (Mummy Brigand)                 Turns: 11119, Time: 00:23:08

Health: -5/82      AC: 15    Str: 18 (19) XL:     10   Next: 87%
Magic:  10/10      EV: 11    Int: 11      God:    Gozag
Gold:   379        SH:  0    Dex: 11 (13) Spells: 6/9 levels left

rFire   + . .      SeeInvis .   a - +2 quarterstaff (speed)
rCold   + . .      Faith    .   (shield currently unavailable)
rNeg    + + +      Spirit   .   A - +2 leather armour {rF+}
rPois   ∞          Reflect  .   p - +2 helmet
rElec   .          Harm     .   c - +1 cloak
rCorr   .          Rampage  .   (no gloves)
Will    +....                   f - +0 pair of boots
Stlth   ++........              (no amulet)
HPRegen 0.23/turn               n - +4 ring of protection
MPRegen 0.12/turn               y - ring of protection from fire

@: gold aura
A: cold resistance 1, negative energy resistance 3, torment resistance 2, heat
vulnerability 1, no potions
a: Renounce Religion, Potion Petition, Call Merchant, Bribe Branch


You were on level 2 of the Abyss.
You worshipped Gozag.
Gozag was aware of your devotion.
You visited 2 branches of the dungeon, and saw 10 of its levels.
You visited the Abyss 1 time.

You collected 975 gold pieces.
You paid 596 gold pieces to Gozag.

Inventory:

Hand Weapons
 a - a +2 quarterstaff of speed (weapon)
 b - a +0 hunting sling
Missiles
 d - 21 poisoned darts
 e - 4 curare-tipped darts (quivered)
 h - 43 sling bullets
 k - 3 boomerangs
 s - 111 stones
 w - 2 atropa-tipped darts
Armour
 c - a +1 cloak (worn)
 f - a +0 pair of boots (worn)
 g - a +0 kite shield
 m - a +0 plate armour of poison resistance
 p - a +2 helmet (worn)
 t - a +0 buckler
 A - a +2 leather armour of fire resistance (worn)
Jewellery
 j - a ring of magical power
 n - a +4 ring of protection (left hand)
 y - a ring of protection from fire (right hand)
Wands
 l - a wand of polymorph (2)
 u - a wand of digging (3)
 z - a wand of paralysis (5)
Scrolls
 i - a scroll of vulnerability
 o - 2 scrolls of noise
 q - a scroll of enchant weapon
 r - 2 scrolls of immolation
 v - 3 scrolls of identify
 B - 3 scrolls of teleportation
Miscellaneous
 x - a condenser vane


   Skills:
 + Level 8.6 Fighting
 - Level 1.9 Short Blades
 + Level 11.6 Staves
 - Level 1.5 Throwing
 - Level 3.0 Armour
 - Level 0.7 Dodging
 - Level 3.5 Stealth


You had 6 spell levels left.
You knew the following spells:

 Your Spells              Type           Power      Damage    Failure   Level
a - Swiftness             Air            0%         N/A       77%         3

Your spell library contained the following spells:

 Spells                   Type           Power      Damage    Failure   Level
 Magic Dart               Conj           0%         1d3       38%         1
 Shock                    Conj/Air       0%         1d3       38%         1
 Slow                     Hex            0%         N/A       38%         1
 Call Imp                 Summ           0%         N/A       54%         2
 Confusing Touch          Hex            0%         N/A       77%         3
 Mephitic Cloud           Conj/Pois/Air  0%         N/A       77%         3
 Vampiric Draining        Necr           0%         2d6       77%         3
 Airstrike                Air            0%         N/A       99%         4
 Cause Fear               Hex            0%         N/A       99%         4
 Dragon's Call            Summ           0%         N/A       100%        9
 Dragon Form              Tmut           Unusable   N/A       N/A         7

Dungeon Overview and Level Annotations

Branches:
Dungeon (9/15)             Temple (1/1) D:6            Lair (0/6) D:9
    Orc: D:9-12

Altars:
Cheibriados
Dithmenos
Gozag
Ru
Vehumet
Wu Jian
Yredelemnul

Annotations:
D:5 Pikel, Prince Ribbit
D:7 2 transporters
D:9 1 runed translucent door, Erolcha


Innate Abilities, Weirdness & Mutations

You are immune to poison.
Your flesh is cold resistant. (rC+)
You are immune to negative energy. (rN+++)
You are immune to unholy pain and torment.
You are vulnerable to heat. (rF-)
You do not drink.


Message History

The tentacled starspawn bites you!
* * * LOW HITPOINT WARNING * * *
The tentacled starspawn closely misses you.
You sock the tentacled starspawn!
The tentacled starspawn is almost destroyed.
You hit the tentacled starspawn.
The tentacled starspawn is almost destroyed.
The tentacled starspawn bites you but does no damage.
The tentacled starspawn closely misses you.
You need at least 400 gold to purchase potions right now!
Unknown command.
You thump the tentacled starspawn!
You destroy the tentacled starspawn!
The starspawn's tentacles wither and die.
You feel your dexterity returning.
Your Fighting skill increases to level 8!
You see here 14 gold pieces.
A large abomination comes into view.
Aiming: Paralyse
Press: ? - help, Shift-Dir - straight line, f - large abomination
Aim: a large abomination (chance to affect: 1%)
The large abomination resists with almost no effort.
Aiming: Paralyse
Press: ? - help, Shift-Dir - straight line, f/p - large abomination
Aim: a large abomination (chance to affect: 1%)
The large abomination resists with almost no effort.
A large abomination comes into view.
Found 23 gold pieces.
A sixfirhy comes into view.
You see here 23 gold pieces.
A raiju comes into view.
The raiju bites you but does no damage.
The raiju bursts into living lightning!
The living lightning hits you!
* * * LOW HITPOINT WARNING * * *
The raiju blinks!
The raiju bursts into living lightning!
The living lightning hits you!!
You die...
Your body crumbles into a pile of gold.

..# ## . ... ... ##
#.# ## ## ....#
####### ..
...##......# # .
....... ..#..
####.##....... #.#.
#.@..#...##### #X##
#h#...$....#.X...#
#.#..#.#.#.#X# #. #
.......#...#.#.....
..###.##.#.###
...... #. #.##.#.#
#.#..... .
...#.#... . # .. .#
...##....... .##..
..###.#####.#.


You could see a raiju.

Vanquished Creatures
  A tentacled starspawn (Abyss:2)
  3 two-headed ogres (D:8)
  A sixfirhy (Abyss:2)
  Grinder (D:6)
  6 yaks
  A shadow (D:9)
  Eustachio (D:6)
  A water moccasin (D:3)
  4 sky beasts
  2 orc warriors (D:8)
  An ice beast (D:5)
  A necrophage (D:7)
  3 centaurs
  2 lemures (D:5)
  4 bullfrogs
  A kobold brigand (D:9)
  A wyvern zombie (D:3)
  A water moccasin skeleton (D:4)
  2 howler monkeys (D:8)
  3 jellies
  A gnoll shaman (D:5)
  3 bullfrog skeletons
  An orc priest (D:9)
  A hound (D:5)
  An iguana (D:5)
  11 orc wizards
  A howler monkey zombie (D:9)
  6 gnolls
  5 adders
  A river rat (D:5)
  3 shadow imps
  2 ufetubi (D:5)
  2 worms
  34 orcs
  9 ball pythons
  6 bats
  5 endoplasms
  3 giant cockroaches
  4 goblins
  8 hobgoblins
  3 jackals (D:4)
  2 quokkas
  5 frilled lizards
  9 kobolds
  6 rats
172 creatures vanquished.

Vanquished Creatures (collateral kills)
  2 orc wizards (D:9)
  An orc (D:9)
3 creatures vanquished.

Vanquished Creatures (others)
  4 starspawn tentacles (Abyss:2)
4 creatures vanquished.

Grand Total: 179 creatures vanquished

Notes
Turn   | Place    | Note
-------+----------+-------------------------------------------
     0 | D:1      | Strat the Mummy Brigand began the quest for the Orb.
     0 | D:1      | Reached XP level 1. HP: 16/16 MP: 1/1
   469 | D:1      | Reached XP level 2. HP: 22/22 MP: 2/2
   523 | D:1      | Reached skill level 1 in Staves
   798 | D:1      | You fall into a shaft and drop 1 floor!
   954 | D:2      | Reached XP level 3. HP: 27/27 MP: 3/3
  1319 | D:2      | Reached skill level 2 in Staves
  1320 | D:2      | Found a faded altar of an unknown god.
  1500 | D:3      | Noticed a water moccasin
  1514 | D:3      | Killed a water moccasin
  1515 | D:3      | Reached skill level 3 in Staves
  1515 | D:3      | Reached XP level 4. HP: 14/33 MP: 4/4
  1515 | D:3      | Reached XP level 5. HP: 16/38 MP: 5/5
  1908 | D:3      | Reached skill level 4 in Staves
  2803 | D:4      | Reached XP level 6. HP: 44/44 MP: 6/6
  2807 | D:4      | Learned a level 3 spell: Swiftness
  3773 | D:4      | Reached skill level 5 in Staves
  3813 | D:5      | Entered Level 5 of the Dungeon
  3835 | D:5      | Noticed Pikel
  4251 | D:5      | Noticed Prince Ribbit
  4438 | D:5      | Reached XP level 7. HP: 36/50 MP: 7/7
  4669 | D:5      | Reached skill level 6 in Staves
  4758 | D:5      | Reached skill level 1 in Armour
  5268 | D:6      | Noticed Eustachio
  5518 | D:6      | Noticed Grinder
  5550 | D:6      | Killed Grinder
  5734 | D:6      | Noticed a hornet
  5767 | D:6      | Reached XP level 8. HP: 13/60 MP: 8/8
  6028 | D:6      | Killed Eustachio
  6121 | D:6      | Found a staircase to the Ecumenical Temple.
  6128 | Temple   | Entered the Ecumenical Temple
  6160 | Temple   | Became a worshipper of Gozag Ym Sagoz the Greedy
  6388 | D:6      | Reached skill level 7 in Staves
  6997 | D:7      | Found a transporter.
  7035 | D:7      | Found a transporter.
  7128 | D:7      | Reached skill level 8 in Staves
  7713 | D:7      | Reached XP level 9. HP: 65/65 MP: 9/9
  8199 | D:8      | Noticed a two-headed ogre
  8219 | D:8      | Reached skill level 9 in Staves
  8223 | D:8      | Killed a two-headed ogre
  8486 | D:8      | Reached skill level 10 in Staves
  8950 | D:8      | Reached skill level 5 in Fighting
  9728 | D:8      | Noticed a two-headed ogre
  9787 | D:8      | Noticed a two-headed ogre
  9805 | D:8      | Killed a two-headed ogre
  9806 | D:8      | Reached XP level 10. HP: 72/77 MP: 10/10
 10017 | D:8      | Killed a two-headed ogre
 10356 | D:9      | Noticed Erolcha
 10382 | D:8      | Reached skill level 11 in Staves
 10531 | D:9      | Found a staircase to the Lair.
 10592 | D:9      | Found a runed translucent door.
 10724 | D:9      | Cast into level 2 of the Abyss (Erolcha)
 10731 | Abyss:2  | Noticed a starcursed mass
 10738 | Abyss:2  | Noticed a wretched star
 10741 | Abyss:2  | Noticed a soul eater
 10841 | Abyss:2  | Noticed a sixfirhy
 10850 | Abyss:2  | Killed a sixfirhy
 11034 | Abyss:2  | Noticed a large abomination
 11037 | Abyss:2  | Noticed a deep elf elementalist
 11072 | Abyss:2  | Noticed a tentacled starspawn
 11093 | Abyss:2  | Killed a tentacled starspawn
 11096 | Abyss:2  | Noticed a large abomination
 11113 | Abyss:2  | Noticed a sixfirhy
 11119 | Abyss:2  | Killed from afar by a raiju

Illustrated notes

Levels and vault maps discovered:
D:1:      evilmike_arrival_rings, layout_basic, minmay_vboxes
D:2:      layout_rooms, shapermc_ecumenical_altar_venn, minivault_24
D:3:      layout_basic
D:4:      layout_loops_cross, grunt_ministairs_14
D:5:      layout_loops_corners, portal_sewer_entry_a,
          nicolae_concentric_dashed_squares_wild, uniq_prince_ribbit1,
          uniq_pikel
D:6:      layout_cave_pods, minmay_temple_entry_ruins, serial_column_ruins,
          column_ruins_open_medium, column_ruins_columns_straight,
          column_ruins_grid_2, column_ruins_open_medium,
          column_ruins_open_small, column_ruins_open_medium, uniq_grinder,
          uniq_eustachio
D:7:      gammafunk_steamed_eel, layout_gridville, kennysheep_generic_room_15
D:8:      layout_basic, hellmonk_guarded_unrand_dark_maul
D:9:      minmay_the_grid_triangle_9x9_recursive_2_mashed
          [minmay_the_grid_triangle_9x9_prize_top_heavy,
          minmay_the_grid_triangle_9x9_corrupted_corridor,
          minmay_the_grid_triangle_9x9_from_above,
          minmay_the_grid_triangle_9x9_subtriangle], layout_rooms,
          mainiacjoe_overflow_alcove_2, minmay_lindwurm_lava, uniq_erolcha
Temple:   mainiacjoe_temple_circle_huts
Abyss:2:  base:
D:1

Skill      XL: |  1  2  3  4  5  6  7  8  9 10 |
---------------+-------------------------------+-----
Staves         | 1 3 4 5 6 8 10 11 | 11.6
Armour         | 2 3 |  3.0
Fighting       | 3 4 6 8 |  8.6
Short Blades   | |  1.9
Throwing       | |  1.5
Dodging        | |  0.7
Stealth        | |  3.5

Action                   |  1- 3 |  4- 6 |  7- 9 | 10-12 || total
-------------------------+-------+-------+-------+-------++-------
Melee: Dagger            |    29 |       |       |       ||    29
       Quarterstaff      |    75 |   163 |   316 |    94 ||   648
       Hunting sling     |       |       |     1 |       ||     1
 Fire: Hunting sling     |       |       |   109 |    11 ||   120
Throw: Dart              |     9 |       |    14 |    11 ||    34
Invok: Potion Petition   |       |       |       |     1 ||     1
Evoke: Wand              |       |       |     1 |     5 ||     6
  Use: Scroll            |       |     9 |     4 |     2 ||    15
 Stab: Sleeping          |     1 |     2 |     1 |       ||     4
       Distracted        |       |     1 |     1 |       ||     2
Armor: Robe              |    19 |       |       |       ||    19
       Ring mail         |    10 |    57 |    94 |       ||   161
       Leather armour    |       |       |     9 |    31 ||    40
Dodge: Dodged            |    59 |    61 |   105 |    25 ||   250

Table legend: (Time is in decaauts)
 A = Elapsed time spent in this place.
 B = Non-inter-level travel time spent in this place.
 C = Inter-level travel time spent in this place.
 D = Time resting spent in this place.
 E = Time spent auto-exploring this place.
 F = Levels seen in this place.
 G = Mean time per level.
                   A        B        C        D        E       F      G
               +--------+--------+--------+--------+--------+-----+--------+
         Total |  10873 |  10181 |    692 |   2090 |   5477 |  11 |  988.5 |
       Dungeon |  10434 |   9763 |    671 |   1852 |   5469 |   9 | 1159.3 |
        Temple |     54 |     33 |     21 |      0 |      8 |   1 |   54.0 |
         Abyss |    384 |    384 |      0 |    237 |      0 |   1 |  384.0 |
               +--------+--------+--------+--------+--------+-----+--------+

Top non-repeatable levels by time:
     D:8: 1981 daAuts
     D:7: 1552 daAuts
     D:3: 1469 daAuts
     D:5: 1417 daAuts
     D:6: 1339 daAuts
     D:4: 885 daAuts
     D:1: 789 daAuts
     D:2: 691 daAuts
 Abyss:2: 384 daAuts
     D:9: 307 daAuts
  Temple: 54 daAuts
